 Dungeon Crawl Stone Soup version 0.28.0-1-gb440e238dd (webtiles) character file.

Game seed: 11554660185049354008

389 PoweredByGinger the Shield-Bearer (level 6, -1/37 HPs)
             Began as a Gargoyle Fighter on Feb 19, 2022.
             Was an Initiate of Okawaru.
             Killed by nerve-wracking pain
             ... invoked by a shadow imp
              (4 damage)
             ... on level 5 of the Dungeon.
             The game lasted 00:03:32 (4714 turns).

PoweredByGinger the Shield-Bearer (GrFi)            Turns: 4714, Time: 00:03:33

Health: -1/37      AC: 11    Str: 21    XL:     6   Next: 79%
Magic:  6/6        EV:  9    Int:  9    God:    Okawaru [......]
Gold:   166        SH:  5    Dex:  9    Spells: 5/5 levels left

rFire   . . .      SeeInvis .   a - +0 war axe
rCold   . . .      Faith    .   c - +0 buckler
rNeg    + . .      Spirit   .   b - +0 scale mail
rPois   ∞          Reflect  .   (no helmet)
rElec   +          Harm     .   (no cloak)
rCorr   .          Rampage  .   (no gloves)
Will    .....                   (no boots)
Stlth   ..........              (no amulet)
HPRegen 0.12/turn               (no ring)
MPRegen 0.10/turn               (no ring)

@: no status effects
A: sickness immunity, AC +4, negative energy resistance 1, electricity
resistance, torment resistance 1, petrification resistance
a: Renounce Religion


You were on level 5 of the Dungeon.
You worshipped Okawaru.
Okawaru was noncommittal.
You visited 2 branches of the dungeon, and saw 6 of its levels.

You collected 166 gold pieces.

Inventory:

Hand Weapons
 a - a +0 war axe (weapon)
Missiles
 i - 8 poisoned darts (quivered)
 r - 43 bolts
Armour
 b - a +0 scale mail (worn)
 c - a +0 buckler (worn)
Jewellery
 g - a ring of ice
Wands
 v - a wand of iceblast (12)
 w - a wand of flame (25)
Scrolls
 e - 5 scrolls of identify {unknown}
 f - 2 scrolls of vulnerability {unknown}
 h - a scroll of noise {unknown}
 j - 4 scrolls of blinking {unknown}
 n - a scroll of magic mapping {unknown}
 o - a scroll of silence {unknown}
 p - 2 scrolls of amnesia {unknown}
 q - a scroll of fear {unknown}
 s - a scroll of immolation {unknown}
 u - 2 scrolls of fog {unknown}
Potions
 d - 2 potions of might
 k - a potion of curing {unknown}
 l - 2 potions of degeneration {unknown}
 m - a potion of magic {unknown}
 t - a potion of flight {unknown}
 x - a potion of heal wounds {unknown}


   Skills:
 - Level 3.2 Fighting
 + Level 4.6 Axes
 - Level 3.2 Armour
 + Level 6.1 Shields


You had 5 spell levels left.
You didn't know any spells.
Your spell library contained the following spells:

 Spells                   Type           Power      Damage    Failure   Level
 Magic Dart               Conj           0%         1d3       80%         1
 Dazzling Flash           Conj/Hex       0%         N/A       99%         3
 Mephitic Cloud           Conj/Pois/Air  0%         N/A       99%         3
 Agony                    Necr           0%         N/A       100%        5
 Silence                  Hex/Air        0%         N/A       100%        5
 Call Imp                 Summ           Unusable   N/A       N/A         2

Dungeon Overview and Level Annotations

Branches:
Dungeon (5/15)             Temple (1/1) D:4

Altars:
Ashenzari
Cheibriados
Dithmenos
Elyvilon
Fedhas
Hepliaklqana
Kikubaaqudgha
Okawaru
Sif Muna
Uskayaw
Vehumet
Xom
Zin
The Shining One

Shops:
D:4 *[

Annotations:
D:2 1 runed translucent door, Crazy Yiuf


Innate Abilities, Weirdness & Mutations

You are immune to sickness and miasma.
Your stone body is resilient. (AC +4)
You are immune to poison.
You resist negative energy. (rN+)
You are resistant to electric shocks. (rElec)
You are resistant to unholy torment.
You are immune to petrification.


Message History

You are too confused!
Unknown command.
Unknown command.
The shadow imp hits you but does no damage.
Unknown command.
You bump into the rock wall.
The shadow imp puffs mist at you. The shadow imp closely misses you.
The orc wizard barely misses you.
Unknown command.
The shadow imp barely misses you.
The orc wizard hits you but does no damage.
Unknown command.
You miss the orc wizard.
The orc wizard is moderately wounded.
You miss the orc wizard. You closely miss the shadow imp.
The shadow imp hits you.
The orc wizard zaps a wand.
Your mind is blasted!
The orc wizard hits you but does no damage.
Unknown command.
The orc wizard hits you with a +0 dagger.
Unknown command.
The orc closely misses you.
You barely miss the orc. You closely miss the shadow imp.
You feel less confused. The shadow imp hits you.
* * * LOW HITPOINT WARNING * * *
The shadow imp hits you but does no damage.
The orc wizard hits you but does no damage.
Unknown command.
The shadow imp gestures at you. Pain shoots through your body!
* * * LOW HITPOINT WARNING * * *
The orc wizard casts a spell.
The orc wizard flickers and vanishes!
Deactivating autopickup; reactivate with Ctrl-A.
There is a stone staircase leading down here.
The orc wizard gestures wildly while chanting.
The orc wizard flickers and vanishes!
The shadow imp gestures at you. Pain shoots through your body!
You die...

#......# #.# #.# #........#
#......####.###.####.#.####.#
##'###............##.#.# #.# ...#
#.####.###.#.##.#.# #.#
.).###.####.###.#.##.#.####.#####
...#.#...............#...........
..o#.######.###...##.#.####.#####
...#.######.###....#.#.# #.#
........o{...5.>@<<....# #.#
.....######.###....#.#<####.#
............................#
...#.######.####...#.#.######
.....# #..........#.##### ...#.#
##.###.....#......
...#.#######.###............
...#.................#.###
...###.#####.###.....#.#


You could see a shadow imp.

Vanquished Creatures
  A sky beast (D:5)
  2 scorpions (D:4)
  An iguana (D:3)
  4 adders
  A shadow imp (D:3)
  A white imp (D:4)
  An adder skeleton (D:4)
  2 worms
  A dart slug (D:1)
  7 orcs
  9 ball pythons
  8 endoplasms
  4 giant cockroaches
  15 goblins
  10 hobgoblins
  7 kobolds
  A quokka (D:2)
  3 bats
  5 frilled lizards
  8 rats
91 creatures vanquished.

Notes
Turn   | Place    | Note
-------+----------+-------------------------------------------
     0 | D:1      | PoweredByGinger the Gargoyle Fighter began the quest for
                  | the Orb.
     0 | D:1      | Reached XP level 1. HP: 14/14 MP: 1/1
    70 | D:1      | Reached XP level 2. HP: 16/19 MP: 2/2
   428 | D:1      | Reached XP level 3. HP: 23/23 MP: 3/3
   444 | D:1      | Reached skill level 4 in Shields
   762 | D:1      | Found a faded altar of an unknown god.
  1132 | D:2      | Reached XP level 4. HP: 24/28 MP: 4/4
  1716 | D:2      | Found a runed translucent door.
  1717 | D:2      | Noticed Crazy Yiuf
  2220 | D:3      | Found a radiant altar of Vehumet.
  2295 | D:3      | Found an ancient bone altar of Kikubaaqudgha.
  2303 | D:3      | Found a blossoming altar of Fedhas.
  2307 | D:3      | Reached skill level 5 in Shields
  2307 | D:3      | Reached XP level 5. HP: 23/32 MP: 5/5
  2667 | D:3      | Found a shimmering blue altar of Sif Muna.
  2956 | D:4      | Found a staircase to the Ecumenical Temple.
  2988 | D:4      | Found Nyuzuesh's Gadget Gallery.
  3006 | Temple   | Entered the Ecumenical Temple
  3073 | Temple   | Became a worshipper of Warmaster Okawaru
  3330 | D:4      | Found Riethryig's Antique Armour Emporium.
  3957 | D:4      | Reached XP level 6. HP: 37/37 MP: 6/6
  4206 | D:5      | Entered Level 5 of the Dungeon
  4472 | D:5      | Noticed a sky beast
  4490 | D:5      | Killed a sky beast
  4491 | D:5      | Reached skill level 6 in Shields
  4714 | D:5      | Killed from afar by a shadow imp

Illustrated notes

Levels and vault maps discovered:
D:1:      mrwooster_arrival_statue, layout_loops_ring,
          ebering_ecumenical_altar_box
D:2:      layout_loops_ring, wad_floor_pattern_2, uniq_crazy_yiuf_cottage
D:3:      layout_rooms, grunt_temple_overflow_growth_and_decay,
          mainiacjoe_overflow_big_doors, chequers_garden
D:4:      layout_layer_cave, minmay_temple_entry_statues_fountains,
          nicolae_inconvenience_store, st_stairs_14, nicolae_shop_gadgets
D:5:      layout_basic, uniq_edmund
Temple:   eino_wide_crystal_templ

Skill      XL: |  1  2  3  4  5  6 |
---------------+-------------------+-----
Axes           | 2 3 4 |  4.6
Shields        | 4 5 6 |  6.1
Fighting       | |  3.2
Armour         | |  3.2

Action                   |  1- 3 |  4- 6 || total
-------------------------+-------+-------++-------
Melee: War axe           |   117 |   184 ||   301
Armor: Scale mail        |    57 |   101 ||   158
Dodge: Dodged            |    53 |    82 ||   135
Block: Buckler           |    22 |    44 ||    66
